 Dungeon Crawl Stone Soup version 0.23-a0-644-gb60d84b (webtiles) character file.

221 Borgoz the Chopper (level 5, -3/72 HPs)
             Began as a Minotaur Berserker on Jan 1, 2019.
             Was a Believer of Trog.
             Slain by a gnoll
             ... wielding a +0 spear
              (10 damage)
             ... on level 3 of the Dungeon.
             The game lasted 00:02:24 (2118 turns).

Borgoz the Chopper (Minotaur Berserker)             Turns: 2118, Time: 00:02:25

Health: -3/72      AC:  2    Str: 27    XL:     5   Next: 65%
Magic:  4/4        EV: 12    Int:  4    God:    Trog [**....]
Gold:   143        SH:  0    Dex: 10    Spells: 4/4 levels left

rFire    . . .     SeeInvis .   a - +0 hand axe
rCold    . . .     Gourm    .   (no shield)
rNeg     . . .     Faith    .   b - +0 animal skin
rPois    .         Spirit   .   (helmet restricted)
rElec    .         Reflect  .   (no cloak)
rCorr    .         Harm     .   (no gloves)
MR       .....                  (no boots)
Stlth    ..........             (no amulet)
HPRegen  0.22/turn              (no ring)
MPRegen  0.09/turn              (no ring)

@: berserking, very quick
A: retaliatory headbutt, horns 2
a: Berserk, Trog's Hand, Renounce Religion


You were on level 3 of the Dungeon.
You worshipped Trog.
Trog was pleased with you.
You were not hungry.

You visited 1 branch of the dungeon, and saw 3 of its levels.

You collected 143 gold pieces.

Inventory:

Hand Weapons
 a - a +0 hand axe (weapon)
Armour
 b - a +0 animal skin (worn)
Jewellery
 f - an uncursed ring of poison resistance {unknown}
Scrolls
 g - 2 scrolls of magic mapping {unknown}
 h - 2 scrolls of blinking {unknown}
 i - 3 scrolls of identify {unknown}
 j - a scroll of noise {unknown}
 m - a scroll of amnesia {unknown}
 n - a scroll of remove curse {unknown}
 o - a scroll of enchant armour {unknown}
Potions
 d - 2 potions of curing {unknown}
 e - a potion of haste {unknown}
 k - a potion of lignification {unknown}
 l - a potion of magic {unknown}
Comestibles
 c - 2 rations


   Skills:
 + Level 5.5 Fighting
 + Level 5.8 Axes
 + Level 2.8 Armour
 + Level 3.0 Dodging


You had 4 spell levels left.
You didn't know any spells.
Your spell library was empty.

Dungeon Overview and Level Annotations

Branches:
Dungeon (3/15)

Altars:


Innate Abilities, Weirdness & Mutations

You reflexively headbutt those who attack you in melee.
You have a pair of horns on your head.


Message History

You feel yourself moving faster!
You feel mighty!
You feel a lot more hungry.
The orc priest hits you with a +0 morningstar!
* * * LOW HITPOINT WARNING * * *
The gnoll completely misses you. The orc barely misses you.
You furiously retaliate!
You headbutt the orc. You closely miss the orc.
The orc is heavily wounded.
You closely miss the orc priest. You slash the orc!
You kill the orc!
Trog accepts your kill.
You slash the orc priest!
You kill the orc priest!
Trog accepts your kill.
Your Dodging skill increases to level 3!
The gnoll hits you from afar with a +0 spear!
* * * LOW HITPOINT WARNING * * *
The orc priest hits you but does no damage.
The gnoll hits you with a +0 spear!
You die... oo

######### o.
#........ g##.
... ...# .....
#.# #†###g.....
#.# ##g)))......
#.#
##.#)##......
######<###.###.#
.....
.......)@o.##
#.# .##.
#######.g...##
... # ###....#
##. #.###.# .
#.# ## #)# #.#
... #.#


You could see an orc priest and a gnoll.

Vanquished Creatures
  A scorpion (D:2)
  An orc priest (D:3)
  A howler monkey zombie (D:2)
  2 gnolls (D:3)
  3 adders (D:2)
  A worm (D:2)
  2 leopard geckos
  7 orcs (D:3)
  9 giant cockroaches
  6 goblins
  5 hobgoblins
  7 jackals
  10 kobolds
  2 quokkas
  2 ball pythons
  4 bats (D:2)
  2 frilled lizards
  4 rats
69 creatures vanquished.

Notes
Turn   | Place    | Note
-------+----------+-------------------------------------------
     0 | D:1      | Borgoz the Minotaur Berserker began the quest for the Orb.
     0 | D:1      | Reached XP level 1. HP: 19/19 MP: 0/0
     2 | D:1      | Noticed a troll
     2 | D:1      | Noticed a dwarf
     4 | D:1      | Noticed an elf
     4 | D:1      | Noticed a vampire
     6 | D:1      | Noticed a merfolk
     6 | D:1      | Noticed a gargoyle
     8 | D:1      | Noticed a centaur
    10 | D:1      | Noticed an ogre
    10 | D:1      | Noticed a minotaur
    12 | D:1      | Noticed a tengu
    12 | D:1      | Noticed a demigod
    14 | D:1      | Noticed a naga
    14 | D:1      | Noticed a human
    16 | D:1      | Noticed a vine stalker
    18 | D:1      | Noticed a formicid
    18 | D:1      | Noticed a spriggan
    20 | D:1      | Noticed a draconian
    22 | D:1      | Noticed an octopode
    24 | D:1      | Noticed a halfling
    24 | D:1      | Noticed a felid
    26 | D:1      | Noticed a demonspawn
    26 | D:1      | Noticed a ghoul
   259 | D:1      | Reached XP level 2. HP: 27/27 MP: 1/1
   800 | D:2      | Noticed a scorpion
   803 | D:2      | Killed a scorpion
   803 | D:2      | Reached XP level 3. HP: 34/34 MP: 2/2
   803 | D:2      | Reached XP level 4. HP: 41/41 MP: 3/3
  1052 | D:2      | Reached ** piety under Trog
  1151 | D:2      | Reached skill level 5 in Axes
  1162 | D:2      | Reached skill level 5 in Fighting
  1779 | D:2      | Reached XP level 5. HP: 48/48 MP: 4/4
  2118 | D:3      | Slain by a gnoll

Vault maps used:
D:1:      kb_arrival_jail, serial_bayou_pond_c, chequers_big_river,
          minmay_misc_feat_columns, minmay_crystal_water, minmay_3d_cube
D:2:      grunt_ministairs_7
D:3:      corexii_leaking_fountain

Skill      XL: |  1  2  3  4  5 |
---------------+----------------+-----
Fighting       | 4 5 |  5.5
Axes           | 4 5 |  5.8
Dodging        | 3 |  3.0
Armour         | |  2.8

Action                   |  1- 3 |  4- 6 || total
-------------------------+-------+-------++-------
Melee: Hand axe          |    34 |   107 ||   141
       Headbutt          |     5 |    18 ||    23
Invok: Berserk           |     1 |     2 ||     3
 Stab: Sleeping          |       |     1 ||     1
  Eat: Chunk             |       |     4 ||     4
       Ration            |       |     1 ||     1
Armor: Animal skin       |     3 |    18 ||    21
Dodge: Dodged            |    23 |    74 ||    97

Table legend:
 A = Non-vault XP
 B = Vault XP
 C = Vault XP percentage of total XP
 D = Non-vault monster count
 E = Vault monster count
 F = Vault count percentage of total count
                 A         B        C        D         E       F
            +---------+---------+-------+---------+---------+-------
      Total |     311 |       6 |   1.9 |      66 |       3 |   4.3
            +---------+---------+-------+---------+---------+-------
        D:1 |      22 |       2 |   8.3 |      13 |       1 |   7.1
        D:2 |     186 |       4 |   2.1 |      38 |       2 |   5.0
        D:3 |     103 |       0 |   0.0 |      15 |       0 |   0.0
            +---------+---------+-------+---------+---------+-------
